Map: Washout LE

Players

국밥부장관

  • Race: Protoss Protoss
  • League: Diamond

Reynor - Winner!

  • Race: Zerg Zerg
  • League: Diamond

VOD

Have the link to the VOD?

Description

Time

  • Played on: Aug. 25, 2026, 7:03 p.m.
  • Length: 9:24
Show
View Real Time Build Order
Export as new Build Order

국밥부장관 Protoss 

Build Orders:  

Get SALT Encoding   

  8  0:00  Probe (Chrono Boost)  
  9  0:11  Probe (Chrono Boost)  
  10  0:17  Probe  
  11  0:29  Probe  
  11  0:33  Pylon  
  12  0:41  Probe  
  13  0:52  Gateway  
  13  0:56  Probe  
  14  1:03  Assimilator  
  14  1:08  Probe (Chrono Boost)  
  15  1:20  Probe (Chrono Boost)  
  16  1:26  Probe (Chrono Boost)  
  17  1:35  Probe  
  18  1:46  Nexus  
  18  1:50  Probe  
  19  2:00  Cybernetics Core  
  20  2:10  Assimilator  
  20  2:11  Pylon  
  20  2:15  Probe  
  20  2:27  Probe  
  21  2:39  Probe, Stargate  
  21  2:40  Adept (Chrono Boost)  
  25  2:53  Probe (Chrono Boost)  
  25  2:59  Probe (Chrono Boost)  
  27  3:05  Adept  
  27  3:08  Probe x2 (Chrono Boost)  
  30  3:15  Probe  
  30  3:16  Probe  
  32  3:20  Void Ray (Chrono Boost)  
  36  3:27  Probe  
  36  3:29  Probe  
  38  3:34  Pylon  
  38  3:39  Probe  
  39  3:41  Probe  
  39  3:45  Warp Gate (Chrono Boost)  
  40  3:51  Probe  
  40  3:55  Probe, Void Ray  
  46  4:03  Adept  
  46  4:05  Probe  
  49  4:16  Probe  
  50  4:19  Pylon  
  50  4:25  Nexus  
  50  4:29  Nexus  
  50  4:37  Probe x2  
  52  4:47  Fleet Beacon  
  52  4:49  Probe  
  52  4:50  Assimilator  
  53  4:54  Assimilator  
  53  4:57  Adept  
  53  4:59  Probe  
  56  5:01  Probe  
  56  5:03  Pylon  
  57  5:12  Probe  
  58  5:18  Protoss Air Weapons Level 1  
  59  5:24  Probe (Chrono Boost)  
  59  5:25  Probe (Chrono Boost)  
  60  5:31  Forge  
  60  5:34  Shield Battery, Probe (Chrono Boost)  
  62  5:36  Probe (Chrono Boost)  
  62  5:40  Probe (Chrono Boost)  
  63  5:43  Adept  
  73  5:51  Assimilator  
  73  5:56  Probe x2 (Chrono Boost)  
  75  5:57  Twilight Council  
  75  6:01  Mothership (Chrono Boost)  
  75  6:02  Probe (Chrono Boost)  
  77  6:08  Probe (Chrono Boost)  
  77  6:09  Pylon  
  77  6:11  Assimilator  
  77  6:13  Probe (Chrono Boost)  
  77  6:18  Probe (Chrono Boost)  
  79  6:26  Photon Cannon  
  79  6:27  Tempest (Chrono Boost), Photon Cannon  
  79  6:28  Probe (Chrono Boost), Photon Cannon  
  79  6:31  Probe (Chrono Boost)  
  79  6:32  Photon Cannon  
  85  6:43  Probe (Chrono Boost)  
  85  6:46  Probe (Chrono Boost)  
  87  6:52  Blink (Chrono Boost)  
  87  6:53  Stargate  
  87  7:01  Gateway  
  87  7:02  Gateway  
  87  7:03  Pylon  
  87  7:08  Pylon  
  87  7:14  Protoss Ground Weapons Level 1  
  87  7:18  Tempest (Chrono Boost)  
  87  7:19  Gateway x2  
  87  7:21  Probe x3  
  94  7:26  Adept  
  96  7:33  Probe (Chrono Boost)  
  97  7:41  Photon Cannon  
  97  7:43  Photon Cannon  
  98  7:44  Probe (Chrono Boost)  
  98  7:46  Photon Cannon  
  98  7:48  Tempest (Chrono Boost)  
  98  7:49  Probe (Chrono Boost)  
  101  7:59  Probe  
  101  8:00  Pylon  
  101  8:01  Pylon  
  102  8:06  Templar Archives  
  102  8:12  Probe  
  103  8:17  Robotics Facility  
  103  8:18  Tempest, Probe  
  108  8:22  Pylon  
  108  8:26  Probe  
  109  8:27  Photon Cannon x2  
  109  8:30  Photon Cannon  
  109  8:36  Tempest  
  100  8:54  High Templar x2  
  93  8:55  Zealot  
  93  8:56  Zealot  
Show
View Real Time Build Order
Export as new Build Order

Reynor Zerg - Winner!

Build Orders: Hatch First 

Get SALT Encoding   

  8  0:00  Drone  
  9  0:11  Drone  
  10  0:17  Drone  
  11  0:28  Overlord  
  11  0:33  Drone  
  12  0:47  Drone x2  
  14  0:52  Drone  
  15  1:02  Drone  
  16  1:16  Hatchery  
  15  1:19  Drone  
  15  1:22  Drone  
  17  1:30  Drone  
  18  1:36  Extractor  
  17  1:45  Drone, Spawning Pool  
  17  1:51  Drone  
  18  2:00  Drone  
  19  2:10  Overlord  
  19  2:21  Drone  
  20  2:32  Queen x2  
  20  2:33  Zergling x4  
  26  2:38  Drone  
  27  2:45  Metabolic Boost  
  27  2:47  Drone  
  27  2:48  Overlord  
  28  2:52  Drone  
  29  3:02  Drone x2  
  31  3:07  Drone  
  32  3:15  Drone  
  32  3:17  Hatchery  
  32  3:21  Queen  
  34  3:31  Zergling x4  
  34  3:33  Drone x2  
  38  3:37  Queen  
  38  3:41  Overlord  
  40  4:00  Drone x3  
  43  4:02  Spore Crawler  
  43  4:04  Queen  
  43  4:05  Overlord  
  43  4:06  Overlord  
  44  4:15  Overlord x2  
  44  4:24  Spore Crawler, Drone x3  
  44  4:25  Drone x2  
  44  4:28  Drone  
  44  4:30  Overlord  
  49  4:36  Queen  
  51  4:43  Overlord x2  
  51  4:47  Drone  
  52  4:53  Lair  
  52  5:02  Overlord, Drone  
  52  5:03  Drone x3  
  52  5:05  Drone  
  57  5:09  Drone x2  
  57  5:11  Spore Crawler  
  57  5:13  Zergling x6  
  61  5:29  Drone x7  
  61  5:30  Drone x3  
  71  5:40  Hatchery  
  70  5:57  Hydralisk Den  
  70  5:58  Drone x3, Extractor  
  70  5:59  Extractor  
  70  6:00  Drone x3  
  70  6:01  Drone x2  
  70  6:02  Drone x2  
  77  6:05  Extractor  
  77  6:06  Drone x3, Extractor  
  77  6:07  Drone  
  77  6:08  Drone x2  
  77  6:09  Zergling x4  
  77  6:10  Overlord  
  83  6:18  Overlord x2  
  83  6:34  Overlord  
  83  6:36  Hydralisk x2  
  83  6:38  Muscular Augments  
  87  6:42  Hatchery  
  86  6:54  Hydralisk  
  86  6:55  Hydralisk x4  
  86  6:58  Hydralisk  
  98  7:02  Overlord  
  98  7:06  Hydralisk x2  
  102  7:12  Overlord x2  
  102  7:14  Hydralisk x2  
  106  7:17  Zergling x22, Extractor  
  106  7:20  Hydralisk  
  116  7:23  Drone x3  
  119  7:33  Hydralisk x2  
  119  7:34  Hydralisk x2  
  127  7:40  Hydralisk x2  
  127  7:42  Grooved Spines  
  131  7:44  Hydralisk  
  131  7:46  Hydralisk  
  135  7:53  Hydralisk x2  
  135  7:55  Hydralisk  
  138  7:58  Overseer  
  138  8:03  Zergling x12  
  138  8:04  Zergling x8  
  148  8:08  Queen  
  148  8:09  Zergling x10  
  155  8:15  Zergling x6  
  158  8:20  Hydralisk x2  
  158  8:21  Spine Crawler  
  158  8:22  Spine Crawler, Hydralisk  
  162  8:28  Hydralisk  
  152  8:50  Hydralisk x7  
  162  8:56  Hydralisk x2  
  162  8:58  Zergling x4  
Tags
 
Add a new tag
Caveats
  • Supply blocks, unpowered buildings, or Contaminate may cause inaccurate times.
  • Supply counts are checked every 10 seconds.